 Dungeon Crawl Stone Soup version 0.30-a0-1116-gebefce21f7 (webtiles) character file.

Game seed: 8814337429452988135

6 Arzdou the Ducker (level 1, 20/20 HPs)
             Began as a Gnoll Wanderer on Apr 21, 2023.
             Quit the game on level 2 of the Dungeon.
             The game lasted 00:00:27 (230 turns).

Arzdou the Ducker (Gnoll Wanderer)                   Turns: 230, Time: 00:00:27

Health: 20/20      AC:  3    Str: 11    XL:     1   Next: 90%
Magic:  1/1        EV: 14    Int:  9    God:
Gold:   7          SH:  0    Dex: 13    Spells: 0/0 levels left

rFire   . . .      SeeInvis .    a - +0 sling
rCold   . . .      Faith    .    (no shield)
rNeg    . . .      Spirit   .    c - +0 leather armour
rPois   .          Reflect  .    (no helmet)
rElec   .          Rampage  .    (no cloak)
rCorr   .                        (no gloves)
Will    .....                    (no boots)
Stlth   +                        (no amulet)
HPRegen 0.23/turn                (no ring)
MPRegen 0.07/turn                (no ring)

@: no status effects
A: fangs 1, strong nose, distributed training
a: no special abilities


You were on level 2 of the Dungeon.
You visited 1 branch of the dungeon, and saw 2 of its levels.

You collected 7 gold pieces.

Inventory:

Hand Weapons
 a - a +0 sling (weapon)
Missiles
 b - 4 throwing nets (quivered)
Armour
 c - a +0 leather armour (worn)
Scrolls
 d - 2 scrolls of vulnerability
 e - a scroll of fear
Potions
 f - a potion of haste {unknown}


   Skills:
 + Level 4.4 Fighting
 + Level 0.2 Short Blades
 + Level 0.2 Long Blades
 + Level 0.2 Axes
 + Level 0.2 Maces & Flails
 + Level 0.2 Polearms
 + Level 0.2 Staves
 + Level 4.4 Ranged Weapons
 + Level 2.4 Throwing
 + Level 2.4 Armour
 + Level 6.4 Dodging
 + Level 0.2 Stealth
 + Level 0.2 Shields
 + Level 0.2 Unarmed Combat
 + Level 0.2 Spellcasting
 + Level 0.1 Conjurations
 + Level 0.1 Hexes
 + Level 0.1 Summonings
 + Level 0.1 Necromancy
 + Level 0.1 Translocations
 + Level 0.1 Transmutations
 + Level 0.1 Fire Magic
 + Level 0.1 Ice Magic
 + Level 0.1 Air Magic
 + Level 0.1 Earth Magic
 + Level 0.1 Poison Magic
 + Level 0.3 Invocations
 + Level 2.4 Evocations


You couldn't memorise any spells.
You didn't know any spells.
Your spell library was empty.

Dungeon Overview and Level Annotations

Branches:
Dungeon (1/15)

Altars:


Innate Abilities, Weirdness & Mutations

You have very sharp teeth.
Your uncanny sense of smell can sniff out nearby items.
Your experience applies equally to all skills.


Message History

The kobold shouts!
You shoot a sling bullet.
The sling bullet closely misses the kobold.
The kobold barely misses you. The kobold hits you but does no damage.
You shoot a sling bullet.
The sling bullet hits the kobold but does no damage.
The kobold hits you with a +0 club.
You shoot a sling bullet.
The sling bullet barely misses the kobold.
The kobold hits you with a +0 club.
You shoot a sling bullet. The sling bullet hits the kobold.
You kill the kobold!
No target in view!
Things that are here:
a +0 club; 2 stones A sourceless malevolence fills the Dungeon...
You fall into a shaft and drop 1 floor!
The shaft crumbles and collapses.
An endoplasm comes into view.
You shoot a sling bullet. The sling bullet hits the endoplasm.
The endoplasm quivers.
The endoplasm is moderately wounded.
You shoot a sling bullet.
The sling bullet hits the endoplasm but does no damage.
The endoplasm is moderately wounded.
You shoot a sling bullet. The sling bullet hits the endoplasm.
The endoplasm is severely wounded.
You shoot a sling bullet.
The sling bullet hits the endoplasm but does no damage.
The endoplasm is severely wounded.
The endoplasm freezes you.
You are frozen.
You shoot a sling bullet. The sling bullet hits the endoplasm.
You kill the endoplasm!
No target in view!
HP restored.
A jackal comes into view.
The jackal barks!
A jackal is nearby!
Are you sure you want to abandon this character and quit the game? (Confirm with "yes".)

...# #..# . #..# ..
#..# ... #..### ...
.#######....# . ..
..........#.#
.h..#.############.##
.......@............#
..#.#.###############
#


You could see a jackal.

Vanquished Creatures
  A dart slug (D:1)
  An endoplasm (D:2)
  2 kobolds (D:1)
4 creatures vanquished.

Notes
Turn   | Place    | Note
-------+----------+-------------------------------------------
     0 | D:1      | Arzdou the Gnoll Wanderer began the quest for the Orb.
     0 | D:1      | Arzdou set off with the following items: a +0 sling, 4
                  | throwing nets, a +0 leather armour, a scroll of
                  | vulnerability, a scroll of fear.
     0 | D:1      | Reached XP level 1. HP: 20/20 MP: 1/1
   191 | D:1      | You fall into a shaft and drop 1 floor!
   230 | D:2      | Quit the game

Illustrated notes

Levels and vault maps discovered:
D:1:      dpeg_arrival_shelter, layout_basic, serial_glass, glass_columns_c,
          glass_columns_a, item_on_display_a, item_on_display_a,
          item_on_display_a, feat_on_display, hex_intersection
D:2:      layout_basic, hellmonk_ecumenical_altar_blasted

Action                     || total
---------------------------++-------
   Fire: Sling             ||    21
 Armour: Leather armour    ||     1
  Dodge: Dodged            ||     6

Table legend: (Time is in decaauts)
 A = Elapsed time spent in this place.
 B = Non-inter-level travel time spent in this place.
 C = Inter-level travel time spent in this place.
 D = Time resting spent in this place.
 E = Time spent auto-exploring this place.
 F = Levels seen in this place.
 G = Mean time per level.
                   A        B        C        D        E       F      G
               +--------+--------+--------+--------+--------+-----+--------+
         Total |    234 |    234 |      0 |      0 |    198 |   2 |  117.0 |
       Dungeon |    234 |    234 |      0 |      0 |    198 |   2 |  117.0 |
               +--------+--------+--------+--------+--------+-----+--------+

Top non-repeatable levels by time:
     D:1: 194 daAuts
     D:2: 39 daAuts
